 Dungeon Crawl Stone Soup version 0.19-a0-1155-gb6eeeff (webtiles) character file.

155 Duffy the Chopper (level 5, -9/38 HPs)
             Began as a Mummy Gladiator on Aug 13, 2016.
             Killed themself with a badly aimed iceblast (10 damage)
             ... on level 3 of the Dungeon.
             The game lasted 00:02:04 (2393 turns).

Duffy the Chopper (Mummy Gladiator)                 Turns: 2393, Time: 00:02:05

Health: -9/38      AC:  7    Str: 19    XL:     5   Next: 14%
Magic:  5/5        EV: 12    Int:  7    God:
Gold:   109        SH:  0    Dex: 16    Spells: 0 memorised, 4 levels left

rFire  x . .     SeeInvis .     a - +0 war axe
rCold  + . .     Gourm    .     f - +0 ring mail
rNeg   + + +     Faith    .     (no shield)
rPois  ∞         Spirit   .     c - +0 helmet
rElec  .         Dismiss  .     (no cloak)
rCorr  .         Reflect  .     o - +0 pair of gloves
MR     .....     Harm     .     (no boots)
Stlth  +.........               (no amulet)
                                (no ring)
                                r - +3 ring of dexterity

@: no status effects
A: no food or potions, fire vulnerability, cold resistance 1, negative energy
resistance 3, torment resistance, unbreathing
a: no special abilities


You were on level 3 of the Dungeon.
You were not hungry.

You visited 1 branch of the dungeon, and saw 3 of its levels.

You collected 109 gold pieces.


Innate Abilities, Weirdness & Mutations

You do not eat or drink.
Your flesh is vulnerable to fire.
You are immune to poison.
Your flesh is cold resistant. (rC+)
You are immune to negative energy. (rN+++)
You are immune to unholy pain and torment.
You can survive without breathing.


   Skills:
 - Level 2.0 Fighting
 + Level 4.8 Axes
 - Level 1.5 Throwing
 - Level 2.4 Dodging


You had 4 spell levels left.
You didn't know any spells.

Inventory:

Hand Weapons
 a - a +0 war axe (weapon)
 p - a +0 blowgun
Missiles
 d - 3 throwing nets
 l - 5 javelins (quivered)
 q - 15 poisoned needles
Armour
 c - a +0 helmet (worn)
 f - a +0 ring mail (worn)
 n - a +0 large shield
 o - a +0 pair of gloves (worn)
Jewellery
 r - a +3 ring of dexterity (left hand)
Wands
 s - a wand of iceblast (7/15)
Scrolls
 b - 2 scrolls of blinking {unknown}
 e - 3 scrolls of teleportation {unknown}
 g - a scroll of immolation {unknown}
 h - a scroll of enchant armour {unknown}
 i - a scroll of amnesia {unknown}
 j - a scroll of recharging {unknown}
 k - 2 scrolls of identify {unknown}
 m - a scroll of noise {unknown}

Dungeon Overview and Level Annotations

Branches:
Dungeon (3/15)

Altars:
Ashenzari
Elyvilon
Fedhas
Hepliaklqana
Sif Muna
The Shining One


Message History

You are too injured to fight recklessly!
You hit the orc.
The orc is moderately wounded.
The orc hits you but does no damage.
You hit the orc.
The orc is almost dead.
The orc hits you with a hand axe.
You closely miss the orc.
The orc is almost dead.
The orc closely misses you. The orc hits you with a hand axe.
You hit the orc.
You kill the orc!
The bat hits you.
The orc wizard mumbles some strange words.
The orc wizard flickers and vanishes!
Deactivating autopickup; reactivate with Ctrl-A.
You hit the bat.
You kill the bat!
Something hits you.
You closely miss something.
Something hits you but does no damage. x2
Your ring mail prevents you from hitting something.
Something hits you but does no damage.
You hear some strange, mumbled words.
A puff of flame appears from out of thin air!
The puff of flame hits you!
You completely miss something. Something hits you.
Something hits you but does no damage.
You miss something. Something hits you but does no damage.
Something barely misses you.
You closely miss something. Something hits you. x2
You hit something. Something hits you. Something hits you but does no damage.
You barely miss something.
You hear some strange, mumbled words.
A magic dart appears from out of thin air!
The magic dart hits you! Something hits you but does no damage.
You miss something. Something hits you but does no damage. Something hits you.
You closely miss something. Something hits you but does no damage.
Something hits you.
You miss something. Something barely misses you.
Evoke which item? (* to show all) (? for menu, Esc to quit)
Zapping:
s - a wand of iceblast (will waste charges)
Press: ? - help, Shift-Dir - straight line, f - orc
Aim: an orc, wielding a flail (moderately wounded)
The mass of ice explodes!
The iceblast engulfs something.
Reactivating autopickup.
You have reached level 5!
You feel agile.
You feel a bit more experienced. The iceblast engulfs you!
You partially resist.
You die...

.........# .........#
....... ....<..%.# .......
.........# .......
.........# .......
.........# .......
.........### ....... #..
...........########[......
##..
...........'....@)oS......
....
.!..###....##.#####.......
.... ....# #######.#
....... ....
....#########'## .......
.... ...............#
####### #..
...............# #..
....<..........# #..
##.........)...####### ###
##...................#


You could see an adder and an orc.

Action                   |  1- 3 |  4- 6 || total
-------------------------+-------+-------++-------
Melee: War axe           |   112 |    88 ||   200
Armor: Ring mail         |    41 |    47 ||    88
Dodge: Dodged            |    60 |    83 ||   143

Notes
Turn   | Place    | Note
-------+----------+-------------------------------------------
     0 | D:1      | Duffy the Mummy Gladiator began the quest for the Orb.
     0 | D:1      | Reached XP level 1. HP: 16/16 MP: 1/1
   388 | D:1      | Reached XP level 2. HP: 16/22 MP: 2/2
   475 | D:1      | Reached skill level 3 in Axes
   580 | D:1      | Found a shattered altar of Ashenzari.
   830 | D:1      | You fall through a shaft!
   853 | D:2      | Reached XP level 3. HP: 26/27 MP: 3/3
  1154 | D:2      | Noticed Ijyb
  1170 | D:2      | Killed Ijyb
  1170 | D:2      | Reached skill level 4 in Axes
  1246 | D:2      | Reached XP level 4. HP: 28/33 MP: 4/4
  1429 | D:2      | Found a blossoming altar of Fedhas.
  1429 | D:2      | Found a hazy altar of Hepliaklqana.
  1494 | D:2      | Found a deep blue altar of Sif Muna.
  1494 | D:2      | Found a glowing golden altar of the Shining One.
  1911 | D:3      | Found a white marble altar of Elyvilon.
  2393 | D:3      | Reached XP level 5. HP: 1/38 MP: 5/5
  2393 | D:3      | Killed themself with a badly aimed iceblast

Skill      XL: |  1  2  3 |
---------------+----------+-----
Axes           | 3 4 |  4.8
Fighting       | |  2.0
Throwing       | |  1.5
Dodging        | |  2.4

Vault maps used:
D:1:      dpeg_arrival_concentric_ovals, ashenzari_altar_1
D:2:      gammafunk_temple_overflow_elements, gammafunk_temple_overflow_statue,
          first_bread, uniq_iyjb
D:3:      elyvilon_altar_4

Vanquished Creatures
  An orc wizard Ijyb
  3 adders
  An ooze
  3 worms
  A dart slug
  6 giant geckos
  3 orcs
  A ball python
  7 bats
  5 goblins
  7 hobgoblins
  10 kobolds
  4 giant newts
  3 rats
56 creatures vanquished.
